 Dungeon Crawl Stone Soup version 0.25-a0-41-g6cf4ce537d (webtiles) character file.

Game seed: 6262856536863005042, levelgen mode: deterministic

78 Gynju the Firebug (level 4, -2/24 HPs)
             Began as a Deep Elf Fire Elementalist on Oct 21, 2019.
             Slain by an orc priest
             ... wielding a +0 flail
              (5 damage)
             ... on level 3 of the Dungeon.
             The game lasted 00:03:41 (2556 turns).

Gynju the Firebug (Deep Elf Fire Elementalist)      Turns: 2556, Time: 00:03:42

Health: -2/24      AC:  4    Str:  5    XL:     4   Next: 15%
Magic:  3/11       EV: 13    Int: 21    God:
Gold:   107        SH:  0    Dex: 15    Spells: 4/10 levels left

rFire    . . .     SeeInvis .   e - +4 whip (venom)
rCold    . . .     Gourm    .   (no shield)
rNeg     . . .     Faith    .   a - +0 robe
rPois    .         Spirit   .   i - +0 helmet
rElec    .         Reflect  .   (no cloak)
rCorr    .         Harm     .   q - +0 pair of gloves
MR       .....                  (no boots)
Stlth    ++........             (no amulet)
HPRegen  0.08/turn              (no ring)
MPRegen  0.12/turn              (no ring)

@: very slightly contaminated
A: no striking features
a: no special abilities


You were on level 3 of the Dungeon.
You were not hungry.

You visited 1 branch of the dungeon, and saw 3 of its levels.

You collected 107 gold pieces.

Inventory:

Hand Weapons
 e - a +4 whip of venom (weapon)
Missiles
 f - 34 stones (quivered)
Armour
 a - a +0 robe (worn)
 i - a +0 helmet (worn)
 q - a +0 pair of gloves (worn)
Wands
 o - a wand of random effects (23)
Scrolls
 b - 4 scrolls of magic mapping {unknown}
 d - a scroll of amnesia {unknown}
 g - a scroll of fear {unknown}
 h - a scroll of random uselessness {unknown}
 j - 2 scrolls of enchant weapon {unknown}
 m - 2 scrolls of remove curse {unknown}
 n - a scroll of immolation {unknown}
 p - 3 scrolls of teleportation {unknown}
Potions
 k - a potion of heal wounds {unknown}
 l - a potion of degeneration {unknown}
Comestibles
 c - 4 rations
 r - 3 chunks of flesh


   Skills:
 + Level 3.3 Dodging
 - Level 2.4 Stealth
 + Level 3.9 Spellcasting
 + Level 2.3 Conjurations
 + Level 4.0 Fire Magic


You had 4 spell levels left.
You knew the following spells:

 Your Spells              Type           Power        Failure   Level  Hunger
a - Flame Tongue          Conj/Fire      ###..        3%          1    None
b - Throw Flame           Conj/Fire      ###...       4%          2    #......
c - Conjure Flame         Conj/Fire      ###.....     10%         3    ###....

Your spell library contained the following spells:

 Spells                   Type           Power        Failure   Level  Hunger
 Inner Flame              Hex/Fire       ##......     16%         3    ###....
 Sticky Flame             Conj/Fire      ###.....     32%         4    ####...
 Fireball                 Conj/Fire      ###.......   65%         5    ######.


Dungeon Overview and Level Annotations

Branches:
Dungeon (3/15)

Altars:
Uskayaw


Message History

The orc priest hits you with a +0 flail.
* * * LOW HITPOINT WARNING * * *
The giant cockroach barely misses you.
Casting: Flame Tongue (safe; 3% risk of failure)
Confirm with . or Enter, or press ? or * to list all spells.
Aiming: Flame Tongue (safe; 3% risk of failure)
Press: ? - help, Shift-Dir - straight line, f - orc priest
Aim: an orc priest, wielding a +0 flail and wearing a +0 leather armour of fire resistance (lightly wounded)
The flame tongue misses the orc priest.
The orc closely misses you.
The orc priest hits you but does no damage.
The giant cockroach completely misses you.
Casting: Flame Tongue (safe; 3% risk of failure)
Confirm with . or Enter, or press ? or * to list all spells.
Aiming: Flame Tongue (safe; 3% risk of failure)
Press: ? - help, Shift-Dir - straight line, f/p - orc priest
Aim: an orc priest, wielding a +0 flail and wearing a +0 leather armour of fire resistance (lightly wounded)
The flame tongue misses the orc priest.
The orc closely misses you. The giant cockroach closely misses you.
The orc priest hits you with a +0 flail.
You die...

.. #.. .# #...
.# #... .# #..#
.# #### #..#
.#.....
#..######o......
#..#....@s......
#)....###o......
#.....###.......
#............###
#.....###...##
#............
#............?
##.....###.####
#..####


You could see an orc priest, an orc and a giant cockroach.

Vanquished Creatures
  2 adders (D:3)
  5 worms
  3 dart slugs
  A leopard gecko (D:1)
  An orc (D:3)
  A ball python (D:2)
  5 bats
  7 goblins
  5 hobgoblins
  3 kobolds (D:1)
  3 rats
36 creatures vanquished.

Notes
Turn   | Place    | Note
-------+----------+-------------------------------------------
     0 | D:1      | Gynju the Deep Elf Fire Elementalist began the quest for
                  | the Orb.
     0 | D:1      | Reached XP level 1. HP: 10/10 MP: 6/6
   258 | D:1      | Reached XP level 2. HP: 13/15 MP: 8/8
  1097 | D:2      | Reached XP level 3. HP: 19/19 MP: 3/10
  1464 | D:2      | Learned a level 2 spell: Throw Flame
  1468 | D:2      | Learned a level 3 spell: Conjure Flame
  1498 | D:2      | Found a hide-covered altar of Uskayaw.
  2248 | D:3      | Found a faded altar of an unknown god.
  2387 | D:3      | Reached skill level 4 in Fire Magic
  2387 | D:3      | Reached XP level 4. HP: 24/24 MP: 7/11
  2556 | D:3      | Slain by an orc priest

Levels and vault maps discovered:
D:1:      matt_arrival_spirals, layout_loops_ring
D:2:      layout_basic, lemuel_doored_altar
D:3:      layout_loops_ring, marbit_many_paths,
          chequers_ecumenical_altar_simple_redux

Skill      XL: |  1  2  3 |
---------------+----------+-----
Dodging        | 3 |  3.3
Conjurations   | 2 |  2.3
Fire Magic     | 4 |  4.0
Stealth        | |  2.4
Spellcasting   | |  3.9

Action                   |  1- 3 |  4- 6 || total
-------------------------+-------+-------++-------
Melee: Whip              |    11 |     1 ||    12
Throw: Stone             |     2 |       ||     2
 Cast: Flame Tongue      |    63 |    13 ||    76
  Eat: Chunk             |     4 |     1 ||     5
Armor: Robe              |     5 |     1 ||     6
Dodge: Dodged            |    23 |    14 ||    37

Table legend:
 A = Non-vault XP
 B = Vault XP
 C = Vault XP percentage of total XP
 D = Non-vault monster count
 E = Vault monster count
 F = Vault count percentage of total count
                 A         B        C        D         E       F
            +---------+---------+-------+---------+---------+-------
      Total |     112 |       0 |   0.0 |      36 |       0 |   0.0
            +---------+---------+-------+---------+---------+-------
        D:1 |      33 |       0 |   0.0 |      16 |       0 |   0.0
        D:2 |      36 |       0 |   0.0 |      12 |       0 |   0.0
        D:3 |      43 |       0 |   0.0 |       8 |       0 |   0.0
            +---------+---------+-------+---------+---------+-------
